 Dungeon Crawl Stone Soup version 0.19.1-1-g22dce08 (console) character file.

1029 Kloppie the Cleaver (level 8, -4/68 (70) HPs)
             Began as a Yellow Draconian Berserker on Jan 18, 2017.
             Was an Elder of Trog.
             Slain by an ogre
             ... wielding a +0 giant spiked club
              (9 damage)
             ... on level 6 of the Dungeon.
             The game lasted 00:06:42 (4829 turns).

Kloppie the Cleaver (Yellow Draconian Berserker)    Turns: 4829, Time: 00:06:43

HP:   -4/68 (70)    AC: 11    Str: 20      XL:     8   Next: 3%
MP:   8/8           EV: 13    Int:  5 (7)  God:    Trog [****..]
Gold: 257           SH:  0    Dex: 12 (13) Spells: 0 memorised, 7 levels left

rFire  . . .     SeeInvis .     a - +0 war axe
rCold  . . .     Gourm    .     (armour unavailable)
rNeg   . . .     Faith    .     (no shield)
rPois  .         Spirit   .     (helmet restricted)
rElec  .         Reflect  .     p - +2 cloak
rCorr  +         Harm     .     H - +0 pair of gloves (curse)
MR     .....                    j - +0 pair of boots
Stlth  +.........               (no amulet)
                                (no ring)
                                (no ring)

@: exhausted, slowed, very slow
A: spit acid, acid resistance, unfitting armour, cold-blooded, AC +6
a: Spit Acid, Berserk, Trog's Hand, Brothers in Arms, Burn Spellbooks, Renounce
Religion


You were on level 6 of the Dungeon.
You worshipped Trog.
Trog was greatly pleased with you.
You were not hungry.

You visited 1 branch of the dungeon, and saw 6 of its levels.

You collected 257 gold pieces.

Inventory:

Hand Weapons
 a - a +0 war axe (weapon)
 B - a +0 hand axe
Armour
 j - a +0 pair of boots (worn)
 p - a +2 cloak (worn)
 H - a cursed +0 pair of gloves (worn)
Jewellery
 c - a +3 ring of strength {unknown}
 d - an uncursed amulet of regeneration {unknown}
 i - a cursed -6 ring of slaying {unknown}
 s - an uncursed amulet of harm {unknown}
Wands
 E - a wand of polymorph (14/24)
 G - a wand of paralysis (16/24)
Scrolls
 e - 2 scrolls of random uselessness {unknown}
 h - a scroll of noise {unknown}
 k - a scroll of magic mapping {unknown}
 l - 7 scrolls of identify {unknown}
 m - 3 scrolls of teleportation {unknown}
 n - 3 scrolls of blinking {unknown}
 o - 2 scrolls of fear {unknown}
 t - a scroll of immolation {unknown}
 u - 2 scrolls of remove curse {unknown}
 x - a scroll of enchant armour {unknown}
 y - a scroll of fog {unknown}
 D - 2 scrolls of recharging {unknown}
Potions
 f - 3 potions of agility {unknown}
 q - a potion of ambrosia {unknown}
 w - 2 potions of brilliance {unknown}
 z - 2 potions of curing {unknown}
 C - a potion of lignification {unknown}
Books
 F - a book of Flames

   Spells                             Type                      Level
   a - Flame Tongue                   Conjuration/Fire             1
   b - Throw Flame                    Conjuration/Fire             2
   c - Conjure Flame                  Conjuration/Fire             3
   d - Inner Flame                    Hexes/Fire                   3
   e - Sticky Flame                   Conjuration/Fire             4
   f - Fireball                       Conjuration/Fire             5
   Trog disapproves of the use of such an item.
Comestibles
 b - 2 bread rations
 g - 2 chunks of flesh
 r - 2 meat rations
 v - a slice of pizza
 A - a beef jerky


   Skills:
 - Level 5.8 Fighting
 + Level 8.8 Axes
 - Level 2.6 Dodging


You had 7 spell levels left.
You didn't know any spells.

Dungeon Overview and Level Annotations

Branches:
Dungeon (6/15)
 Temple: D:4-7

Altars:
Ashenzari
Cheibriados
Elyvilon
Fedhas
Ru
Sif Muna


Innate Abilities, Weirdness & Mutations

You can spit globs of acid.
You are resistant to acid.
Your golden yellow scales are hard. (AC +6)
You cannot fit into any form of body armour.
You are cold-blooded and may be slowed by cold attacks.


Message History

You barely miss the ogre. You tail-slap the ogre.
The ogre is lightly wounded.
The ogre hits you with a giant spiked club!!
You barely miss the ogre.
The ogre is lightly wounded.
You closely miss the jackal. The jackal closely misses you.
The ogre hits you with a giant spiked club!!
* * * LOW HITPOINT WARNING * * *
The jackal bites you but does no damage.
The ogre hits you with a giant spiked club.
* * * LOW HITPOINT WARNING * * *
You are too injured to fight recklessly!
You are too injured to fight recklessly!
Okay, then.
You hit the ogre.
The ogre is moderately wounded.
You closely miss the jackal. The jackal barely misses you.
The jackal bites you but does no damage.
The ogre hits you with a giant spiked club!
You die...

###############......#
####......#
##..†..##### ..
#####..#.### ..
##........# ##.
...####.###
#.......######
......)!(....###
###...))).@O...#
#.......h..#.#
#..........#
#..........#
#.....?....#
).....<.......
##......>...#..
############..


You could see an ogre and a jackal.

Vanquished Creatures
  A phantom (D:6)
  An ogre (D:6)
  A necrophage (D:6)
  A crimson imp (D:6)
  5 orc wizards
  A gnoll shaman (D:5)
  6 orc priests
  A bullfrog skeleton (D:6)
  A hound (D:6)
  Jessica (D:3)
  A hound skeleton (D:5)
  Robin (D:3)
  11 gnolls
  3 adders
  2 oozes (D:2)
  5 worms
  2 dart slugs (D:1)
  7 leopard geckos
  18 orcs
  3 giant cockroaches
  19 goblins
  5 hobgoblins
  8 jackals
  10 kobolds
  3 ball pythons
  11 bats
  3 frilled lizards
  9 rats
140 creatures vanquished.

Notes
Turn   | Place    | Note
-------+----------+-------------------------------------------
     0 | D:1      | Kloppie the Draconian Berserker began the quest for the Orb.
     0 | D:1      | Reached XP level 1. HP: 19/19 MP: 1/1
    81 | D:1      | Reached XP level 2. HP: 24/27 MP: 2/2
   264 | D:1      | Reached ** piety under Trog
   389 | D:1      | Reached XP level 3. HP: 33/33 MP: 3/3
   794 | D:2      | Reached skill level 4 in Axes
   990 | D:2      | Reached XP level 4. HP: 36/41 MP: 4/4
  1354 | D:3      | Found a blossoming altar of Fedhas.
  1363 | D:3      | Noticed Robin
  1376 | D:3      | Killed Robin
  1376 | D:3      | Reached *** piety under Trog
  1482 | D:3      | Reached skill level 5 in Fighting
  1486 | D:3      | Reached XP level 5. HP: 25/48 MP: 5/5
  1821 | D:3      | Noticed Jessica
  1827 | D:3      | Found a deep blue altar of Sif Muna.
  1860 | D:3      | Killed Jessica
  2615 | D:4      | Reached skill level 5 in Axes
  2868 | D:4      | Found a glowing drain.
  2966 | D:4      | Reached XP level 6. HP: 19/57 MP: 6/6
  3478 | D:5      | Entered Level 5 of the Dungeon
  3621 | D:5      | Reached skill level 6 in Axes
  3854 | D:5      | Found a shattered altar of Ashenzari.
  3863 | D:5      | Found a sacrificial altar of Ru.
  3956 | D:5      | Your scales start taking on a golden yellow colour.
  3956 | D:5      | Reached XP level 7. HP: 61/62 MP: 7/7
  4077 | D:5      | Found a snail-covered altar of Cheibriados.
  4332 | D:6      | Reached skill level 7 in Axes
  4401 | D:6      | Found a faded altar of an unknown god.
  4401 | D:6      | Found a faded altar of an unknown god.
  4426 | D:6      | Found a faded altar of an unknown god.
  4430 | D:6      | Reached **** piety under Trog
  4436 | D:6      | Found a white marble altar of Elyvilon.
  4437 | D:6      | Found a faded altar of an unknown god.
  4644 | D:6      | Reached skill level 8 in Axes
  4812 | D:6      | Reached XP level 8. HP: 68/68 MP: 8/8
  4829 | D:6      | Slain by an ogre

Skill      XL: |  1  2  3  4  5  6  7 |
---------------+----------------------+-----
Fighting       | 4 5 |  5.8
Axes           | 4 5 6 8 |  8.8
Dodging        | |  2.6

Action                   |  1- 3 |  4- 6 |  7- 9 || total
-------------------------+-------+-------+-------++-------
Melee: Hand axe          |   119 |   209 |    59 ||   387
       Tailslap          |    19 |    21 |    15 ||    55
       War axe           |       |       |    57 ||    57
Invok: Berserk           |     1 |     6 |     2 ||     9
       Trog's Hand       |       |     2 |     1 ||     3
  Use: Potion            |       |       |     3 ||     3
 Stab: Sleeping          |     1 |       |     1 ||     2
  Eat: Chunk             |     1 |    15 |     7 ||    23
Armor: Skin              |    43 |    81 |    43 ||   167
Dodge: Dodged            |    73 |   128 |    86 ||   287
